 Dungeon Crawl Stone Soup version 0.29-a0-234-g0dae59b3db (webtiles) character file.

Game seed: 6219287832488667614

939 fragbeetle the Changer (level 7, -2/46 HPs)
             Began as a Green Draconian Transmuter on Mar 2, 2022.
             Was a Follower of Hepliaklqana.
             Slain by Duvessa
             ... wielding a +0 short sword of venom
              (4 damage)
             ... on level 5 of the Dungeon.
             The game lasted 00:08:40 (5991 turns).

fragbeetle the Changer (Green Draconian Transmuter) Turns: 5991, Time: 00:08:41

Health: -2/46      AC:  7    Str: 15    XL:     7   Next: 87%
Magic:  9/10       EV: 16    Int: 13    God:    Hepliaklqana [*.....]
Gold:   60         SH:  0    Dex: 11    Spells: 2/10 levels left

rFire   . . .      SeeInvis .   i - +2 whip (elec)
rCold   . . .      Faith    .   (no shield)
rNeg    . . .      Spirit   .   (body armour unavailable)
rPois   +          Reflect  .   (helmet restricted)
rElec   .          Harm     .   (no cloak)
rCorr   .          Rampage  .   (no gloves)
Will    .....                   v - +0 pair of boots
Stlth   +.........              (no amulet)
HPRegen 0.15/turn               o - +4 ring of evasion
MPRegen 0.12/turn               (no ring)

@: no status effects
A: reduced essence, breathe noxious fumes, AC +6, unfitting armour, poison
resistance, cold-blooded
a: Breathe Noxious Fumes, Renounce Religion, Recall Ancestor, Ancestor Identity


You were on level 5 of the Dungeon.
You worshipped Hepliaklqana.
Hepliaklqana was aware of your devotion.
You visited 2 branches of the dungeon, and saw 6 of its levels.

You collected 236 gold pieces.
You spent 176 gold pieces at shops.

Inventory:

Hand Weapons
 i - a +2 whip of electrocution (weapon)
Missiles
 f - 3 boomerangs of dispersal
 h - 4 poisoned darts
 n - 6 atropa-tipped darts
 w - a throwing net
Armour
 v - a +0 pair of boots (worn)
Jewellery
 o - a +4 ring of evasion (left hand)
Wands
 t - a wand of polymorph (4)
Scrolls
 a - a scroll of fog {unknown}
 c - a scroll of teleportation {unknown}
 g - 3 scrolls of amnesia {unknown}
 j - a scroll of magic mapping {unknown}
 k - a scroll of summoning {unknown}
 p - a scroll of fear {unknown}
 s - 5 scrolls of identify {unknown}
Potions
 b - a potion of invisibility {unknown}
 d - a potion of resistance {unknown}
 e - 2 potions of curing
 l - 3 potions of lignification {unknown}
 m - 2 potions of degeneration {unknown}
 q - 2 potions of heal wounds
 r - 4 potions of flight {unknown}
 u - a potion of attraction {unknown}
 x - a potion of cancellation


   Skills:
 - Level 1.1 Fighting
 - Level 1.7 Dodging
 - Level 3.0 Unarmed Combat
 - Level 2.0 Spellcasting
 + Level 7.8 Transmutations
 + Level 4.7 Ice Magic


You had 2 spell levels left.
You knew the following spells:

 Your Spells              Type           Power      Damage    Failure   Level
a - Beastly Appendage     Tmut           42%        N/A       1%          1
b - Spider Form           Tmut/Pois      11%        N/A       16%         3
c - Ice Form              Ice/Tmut       17%        N/A       19%         4

Your spell library contained the following spells:

 Spells                   Type           Power      Damage    Failure   Level
 Wereblood                Tmut           21%        N/A       1%          2
 Blink                    Tloc           2%         N/A       36%         2
 Confusing Touch          Hex            1%         N/A       58%         3
 Gell's Gravitas          Tloc           1%         N/A       58%         3
 Lesser Beckoning         Tloc           1%         N/A       58%         3
 Teleport Other           Tloc           1%         N/A       58%         3
 Yara's Violent Unravell  Hex/Tmut       5%         3d4       80%         5
 Manifold Assault         Tloc           1%         N/A       100%        5
 Enfeeble                 Hex            0%         N/A       100%        7


Dungeon Overview and Level Annotations

Branches:
Dungeon (5/15)             Temple (1/1) D:4

Altars:
Ashenzari
Cheibriados
Dithmenos
Elyvilon
Gozag
Hepliaklqana
Nemelex Xobeh
Qazlal
Ru
Sif Muna
Trog
Uskayaw
Vehumet
Yredelemnul
Zin
The Shining One
Beogh

Shops:
D:5 !

Annotations:
D:5 Dowan, Duvessa


Innate Abilities, Weirdness & Mutations

Your life essence is reduced to manifest your ancestor. (-10% HP)
You can breathe blasts of noxious fumes.
Your lurid green scales are hard. (AC +6)
You cannot fit into any form of body armour.
Your system is resistant to poisons. (rPois)
You are cold-blooded and may be slowed by cold attacks.


Message History

You barely miss Duvessa.
Duvessa is moderately wounded.
* * * LOW HITPOINT WARNING * * *
You feel extremely sick.
Smaug hits Dowan but does no damage.
Dowan hits Smaug with a +0 dagger.
Duvessa barely misses you.
Unknown command.
You feel better.
Smaug hits Dowan.
Dowan hits Smaug with a +0 dagger.
Smaug is destroyed!
Duvessa completely misses you.
Dowan shouts!
Dowan gestures at Duvessa while chanting.
Duvessa seems to speed up.
Duvessa zaps a wand.
You resist with some effort.
The now-empty wand crumbles to dust.
Duvessa misses you.
Your transformation is almost over.
Dowan says, "My weaknesses are her strengths!"
Dowan gestures wildly while chanting.
Dowan blinks!
Duvessa misses you.
You hit Duvessa.
Duvessa looks as sick as possible!
Duvessa is severely wounded.
Duvessa hits you with a +0 short sword of venom!
* * * LOW HITPOINT WARNING * * *
You are lethally poisoned!
Duvessa hits you with a +0 short sword of venom!
* * * LOW HITPOINT WARNING * * *
You are more poisoned.
You feel better. Duvessa closely misses you.
Duvessa says, "When magic and the sword combine, nothing stands against them."
Duvessa hits you with a +0 short sword of venom.
* * * LOW HITPOINT WARNING * * *
Your transformation has ended.
Your +2 whip of electrocution unmelds from your body.
Your +0 pair of boots unmelds from your body.
You hear the crackle of electricity.
Dowan mumbles some strange words.
Dowan blinks!
Duvessa hits you with a +0 short sword of venom.
You die...

#......#.......#######
####......#.......##....#
#.........#.............#
#.........#.............#
'.......<)#.............#
#.........#.......##....#
#.........#........######
#.........########.#
#..........§...e@..#
#..................#
#..................#
........≈...)......#
.......≈.≈..)......#
......≈...≈........#
.....≈..∩..≈.#######
......≈...≈.##
.......≈.≈..#


You could see Duvessa (fast, very poisoned).

Vanquished Creatures
  An ice beast (D:4)
  A black bear (D:5)
  An ogre (D:5)
  A phantom (D:4)
  2 scorpions
  2 hounds
  An orc priest (D:3)
  2 iguanas (D:5)
  An orc wizard (D:3)
  5 gnolls
  7 adders
  4 worms
  4 dart slugs
  12 orcs
  9 ball pythons
  7 bats
  6 endoplasms
  6 giant cockroaches
  11 goblins
  10 hobgoblins
  10 jackals
  7 quokkas
  3 frilled lizards
  6 kobolds
  6 rats
125 creatures vanquished.

Vanquished Creatures (collateral kills)
  A hound (D:5)
  A gnoll (D:5)
  2 orcs (D:5)
4 creatures vanquished.

Vanquished Creatures (others)
  An ancestor (D:5)
1 creature vanquished.

Grand Total: 130 creatures vanquished

Notes
Turn   | Place    | Note
-------+----------+-------------------------------------------
     0 | D:1      | fragbeetle the Draconian Transmuter began the quest for the
                  | Orb.
     0 | D:1      | Reached XP level 1. HP: 16/16 MP: 3/3
   154 | D:1      | Reached XP level 2. HP: 23/23 MP: 3/5
   258 | D:1      | Reached skill level 3 in Transmutations
   544 | D:1      | Reached XP level 3. HP: 28/28 MP: 4/6
   902 | D:1      | Found a faded altar of an unknown god.
   972 | D:1      | Reached skill level 4 in Transmutations
  1362 | D:2      | Reached XP level 4. HP: 25/35 MP: 5/7
  1516 | D:2      | Learned a level 3 spell: Spider Form
  1904 | D:2      | Reached skill level 5 in Transmutations
  2062 | D:2      | Reached XP level 5. HP: 30/40 MP: 8/8
  2674 | D:3      | Reached skill level 6 in Transmutations
  2962 | D:3      | Learned a level 4 spell: Ice Form
  3841 | D:4      | Reached skill level 1 in Ice Magic
  3841 | D:4      | Reached XP level 6. HP: 47/47 MP: 7/9
  3902 | D:4      | Found a staircase to the Ecumenical Temple.
  3917 | Temple   | Entered the Ecumenical Temple
  4139 | Temple   | Became a worshipper of Hepliaklqana the Forgotten
  4227 | D:4      | Found a shadowy altar of Dithmenos.
  4829 | D:4      | Found a glowing silver altar of Zin.
  4829 | D:4      | Found a white marble altar of Elyvilon.
  4829 | D:4      | Found a glowing golden altar of the Shining One.
  4842 | D:4      | Noticed an ice beast
  4853 | D:4      | Killed an ice beast
  4899 | D:4      | Your scales start taking on a lurid green colour.
  4899 | D:4      | Reached XP level 7. HP: 52/52 MP: 5/10
  4899 | D:4      | Gained mutation: Your system is resistant to poisons.
                  | (rPois) [Green Draconian growth]
  5156 | D:5      | Entered Level 5 of the Dungeon
  5191 | D:4      | Reached skill level 7 in Transmutations
  5548 | D:5      | Reached * piety under Hepliaklqana
  5657 | D:5      | Found a snail-covered altar of Cheibriados.
  5900 | D:5      | Found Suzae's Distillery.
  5933 | D:5      | Bought a potion of curing for 33 gold pieces
  5933 | D:5      | Bought a potion of heal wounds for 55 gold pieces
  5933 | D:5      | Bought a potion of cancellation for 88 gold pieces
  5956 | D:5      | Noticed Duvessa
  5956 | D:5      | Noticed Dowan
  5987 | D:5      | HP: 1/46 [Duvessa/+0 short sword of venom (8)]
  5991 | D:5      | Slain by Duvessa

Illustrated notes

Levels and vault maps discovered:
D:1:      mrwooster_arrival_statue_2, layout_loops_ring,
          hellmonk_ecumenical_altar_defaced_shrine
D:2:      layout_loops_ring
D:3:      minmay_razor_zed, layout_basic
D:4:      layout_loops_corners, good_gods_mini_temple, amcnicky_altar_gilded,
          minmay_temple_entry_mist, nicolae_figureground_sparkle
D:5:      layout_gridville, doesnt_xom_only_xom, slow_altar_2, serial_shops,
          nicolae_diamond_shop, minmay_stone_trees_medium, corexii_shack,
          uniq_duvessa
Temple:   bh_familiar_temple

Skill      XL: |  1  2  3  4  5  6  7 |
---------------+----------------------+-----
Transmutations | 3 4 5 6 7 |  7.8
Ice Magic      | 1 3 4 |  4.7
Fighting       | |  1.1
Dodging        | |  1.7
Unarmed Combat | |  3.0
Spellcasting   | |  2.0

Action                   |  1- 3 |  4- 6 |  7- 9 || total
-------------------------+-------+-------+-------++-------
Melee: Unarmed           |   114 |    21 |    49 ||   184
       Tailslap          |    13 |    16 |     2 ||    31
       Headbutt          |     7 |    23 |     2 ||    32
       Kick              |    18 |    29 |     1 ||    48
       Punch             |     1 |     1 |       ||     2
       Whip              |       |   149 |    14 ||   163
 Cast: Beastly Appendage |    25 |    35 |     5 ||    65
       Ice Form          |       |     2 |     1 ||     3
       Spider Form       |       |     1 |     9 ||    10
Invok: Ancestor Identity |       |       |     1 ||     1
 Abil: End Transformatio |       |       |     2 ||     2
  Use: Potion            |       |       |     2 ||     2
 Stab: Distracted        |       |       |     1 ||     1
Armor: Skin              |    30 |    41 |     7 ||    78
Dodge: Dodged            |    71 |   121 |    61 ||   253

Table legend: (Time is in decaauts)
 A = Elapsed time spent in this place.
 B = Non-inter-level travel time spent in this place.
 C = Inter-level travel time spent in this place.
 D = Time resting spent in this place.
 E = Time spent auto-exploring this place.
 F = Levels seen in this place.
 G = Mean time per level.
                   A        B        C        D        E       F      G
               +--------+--------+--------+--------+--------+-----+--------+
         Total |   6004 |   5814 |    190 |     57 |   4774 |   6 | 1000.7 |
       Dungeon |   5756 |   5591 |    165 |     57 |   4603 |   5 | 1151.2 |
        Temple |    247 |    222 |     25 |      0 |    171 |   1 |  247.0 |
               +--------+--------+--------+--------+--------+-----+--------+

Top non-repeatable levels by time:
     D:1: 1348 daAuts
     D:3: 1271 daAuts
     D:2: 1216 daAuts
     D:4: 1126 daAuts
     D:5: 792 daAuts
  Temple: 247 daAuts
